AoeStats
← Panchito_Monroy

MegaRandom

505864101Analyzed
1v1 RM · 19d ago on Sep 11, 2026· 73m 43s· 2 players
Game mode
Random Map
Map size
Tiny (2 player)
Population
200
Speed
Normal
Resources
Standard
Victory
Conquest
Starting age
Dark Age
Ending age
Imperial Age
RankedLock teamsTeams togetherTeam positionsShared explorationLock speedFull tech treeHidden civsTurbo modeCheats
Victory
Defeat
🇪🇸 Malians · Spain
901
+17
🇺🇸 Gurjaras · United States
919
-17
Perro Sanchez HDP
9:10 Loom
10:55 Feudal Age
16:09 Castle Age
20:32 Double-Bit Axe
22:10 Horse Collar
23:00 Squires
23:45 Heavy Plow
25:43 Wheelbarrow
25:38 Pikeman
27:21 Scale Mail Armor
32:59 Imperial Age
30:46 Hand Cart
33:38 Chain Mail Armor
33:34 Forging
33:48 Farimba
34:05 Scale Barding Armor
34:27 Conscription
34:53 Town Watch
36:48 Bloodlines
36:39 Husbandry
36:03 Cavalier
37:29 Iron Casting
37:58 Crop Rotation
38:47 Heavy Camel Rider
49:00 Light Cavalry
52:14 Capped Ram
54:37 Chain Barding Armor
55:02 Town Patrol
63:13 Gold Mining
63:14 Stone Mining
73:38 Plate Barding Armor
Panchito_Monroy
11:33 Feudal Age
18:09 Castle Age
16:03 Double-Bit Axe
18:04 Gold Mining
19:59 Horse Collar
23:46 Stone Mining
24:32 Bow Saw
25:10 Heavy Plow
26:51 Scale Barding Armor
27:14 Husbandry
28:50 Forging
30:53 Bloodlines
32:00 Wheelbarrow
31:11 Town Watch
31:40 Loom
33:18 Gold Shaft Mining
38:29 Imperial Age
39:41 Iron Casting
43:50 Elite Shrivamsha Rider
47:55 Hand Cart
48:01 Town Patrol
47:34 Heavy Camel Rider
49:18 Light Cavalry
52:47 Chemistry
56:14 Murder Holes
58:40 Crop Rotation
61:57 Hoardings
63:14 Masonry
Connection lost

Rejoining the realm…

Still unreachable

The connection could not be restored.

Session expired

The server has moved on; the page needs a fresh start.